 Dungeon Crawl Stone Soup version 0.22-a0-482-g76e0a5f51a (webtiles) character file.

88 Ordine the Slasher (level 4, -9/33 HPs)
             Began as an Octopode Fighter on June 16, 2018.
             Mangled by Brozuf's ghost (10 damage)
             ... on level 3 of the Dungeon.
             The game lasted 00:03:40 (1853 turns).

Ordine the Slasher (Octopode Fighter)               Turns: 1853, Time: 00:03:40

Health: -9/33      AC:  1    Str: 20    XL:     4   Next: 54%
Magic:  4/4        EV: 10    Int: 13    God:
Gold:   75         SH:  8    Dex: 11    Spells: 3/3 levels left

rFire    . . .     SeeInvis .   a - +0 long sword
rCold    . . .     Gourm    .   b - +0 shield
rNeg     . . .     Faith    .   (helmet restricted)
rPois    .         Spirit   .   (no amulet)
rElec    .         Reflect  .   l - +2 ring of intelligence
rCorr    .         Harm     .   (no ring)
MR       .....                  (no ring)
Stlth    ++........             (no ring)
HPRegen  0.11/turn              (no ring)
MPRegen  0.09/turn              (no ring)
                                (no ring)
                                (no ring)

@: mighty, heavily drained
A: almost no armour, stealthy swim, amphibious, 8 rings, constrict 8, camouflage
1, gelatinous body 1
a: no special abilities


You were on level 3 of the Dungeon.
You were hungry.

You visited 1 branch of the dungeon, and saw 3 of its levels.

You collected 75 gold pieces.

Inventory:

Hand Weapons
 a - a +0 long sword (weapon)
 h - a +2 short sword of electrocution
Armour
 b - a +0 shield (worn)
Jewellery
 l - a +2 ring of intelligence (left tentacle)
Scrolls
 i - a scroll of teleportation
 j - a scroll of fog
Potions
 e - a potion of ambrosia {unknown}
 f - a potion of lignification {unknown}
 g - a potion of degeneration {unknown}
 k - a potion of flight {unknown}
Comestibles
 d - 4 rations


   Skills:
 + Level 3.8(2.3) Fighting
 * Level 3.9(2.4) Long Blades
 - Level 3.0(1.5) Dodging
 - Level 3.0(1.5) Shields


You had 3 spell levels left.
You didn't know any spells.
Your spell library was empty.

Dungeon Overview and Level Annotations

Branches:
Dungeon (3/15)

Altars:

Annotations:
D:3 Brozuf's ghost, amateur HOFi


Innate Abilities, Weirdness & Mutations

You cannot wear most types of armour.
You are very stealthy in the water. (Stealth+)
You are amphibious.
You can wear up to eight rings at the same time.
You can use your tentacles to constrict eight enemies at once.
Your skin changes colour to match your surroundings (Stealth+).
Your rubbery body absorbs attacks. (AC +1, EV +1)


Message History

Brozuf's ghost is lightly damaged.
You block Brozuf's ghost's attack.
You hit Brozuf's ghost but do no damage.
Brozuf's ghost is lightly damaged.
Brozuf's ghost hits you!
A kobold comes into view.
Brozuf's ghost hits you.
You are too injured to fight recklessly!
You slash Brozuf's ghost!
Brozuf's ghost is heavily damaged.
Brozuf's ghost closely misses you.
You slash Brozuf's ghost! You squeeze Brozuf's ghost!
Brozuf's ghost is almost destroyed.
You block Brozuf's ghost's attack.
You hit Brozuf's ghost.
Brozuf's ghost is almost destroyed.
Brozuf's ghost hits you!
* * * LOW HITPOINT WARNING * * *
Brozuf's ghost hits you!
You die...

###
#<#
#.#
#@#
#W#
#g#
#K#
...
#.#
#.#
#.#


You could see Brozuf's ghost, a hobgoblin and a kobold.

Vanquished Creatures
  3 adders (D:2)
  3 gnolls (D:2)
  A dart slug (D:2)
  A leopard gecko (D:2)
  4 bats (D:1)
  A giant cockroach (D:2)
  2 goblins
  6 hobgoblins
  3 kobolds
  4 frilled lizards
  5 rats
33 creatures vanquished.

Vanquished Creatures (others)
  5 toadstools (D:1)
5 creatures vanquished.

Grand Total: 38 creatures vanquished

Notes
Turn   | Place    | Note
-------+----------+-------------------------------------------
     0 | D:1      | Ordine the Octopode Fighter began the quest for the Orb.
     0 | D:1      | Reached XP level 1. HP: 16/16 MP: 1/1
   211 | D:1      | Reached XP level 2. HP: 19/21 MP: 2/2
   987 | D:2      | Reached XP level 3. HP: 26/26 MP: 3/3
  1229 | D:2      | Reached XP level 4. HP: 20/32 MP: 4/4
  1845 | D:3      | Noticed Brozuf's ghost (amateur HOFi)
  1853 | D:3      | HP: 1/33 [Brozuf's ghost (15)]
  1853 | D:3      | Mangled by Brozuf's ghost

Vault maps used:
D:1:      ldierk_walled_garden
D:2:      first_ration
D:3:      kb_forest_paths, lemuel_round_altar, lemuel_round_altar,
          grunt_temple_overflow_open, uniq_jessica

Skill      XL: |  1  2 |
---------------+-------+-----
Long Blades    | 3 |  3.9
Fighting       | |  3.8
Dodging        | |  3.0
Shields        | |  3.0

Action                   |  1- 3 |  4- 6 || total
-------------------------+-------+-------++-------
Melee: Long sword        |    47 |    15 ||    62
       Constrict         |    14 |     3 ||    17
       Tentacles         |     4 |     2 ||     6
  Use: Scroll            |     4 |     2 ||     6
       Potion            |       |     1 ||     1
 Stab: Sleeping          |     8 |     1 ||     9
       Distracted        |       |     1 ||     1
  Eat: Chunk             |     1 |     1 ||     2
Armor: Skin              |     5 |       ||     5
Dodge: Dodged            |    18 |     8 ||    26
Block: Shield            |    20 |     6 ||    26
       Rpst.: Long sword |     4 |     1 ||     5

Table legend:
 A = Spawn XP
 B = Non-spawn XP
 C = Spawn XP percentage of total XP
 D = Spawn monster count
 E = Non-spawn monster count
 F = Spawn count percentage of total count
 G = Total turns spent on level
                    A         B        C        D         E        F      G
               +---------+---------+-------+---------+---------+-------+---------
         Total |       0 |     127 |   0.0 |       0 |      33 |   0.0 |  1853
               +---------+---------+-------+---------+---------+-------+---------
           D:1 |       0 |      24 |   0.0 |       0 |      14 |   0.0 |   964
           D:2 |       0 |     103 |   0.0 |       0 |      19 |   0.0 |   881
               +---------+---------+-------+---------+---------+-------+---------
